 Dungeon Crawl Stone Soup version 0.21.1-1-g345015f (webtiles) character file.

82 Supreme the Digger (level 4, -3/24 HPs)
             Began as a Gargoyle Earth Elementalist on Mar 31, 2018.
             Was an Initiate of Vehumet.
             Killed from afar by a starcursed mass (8 damage)
             ... with an accursed screaming
             ... on level 2 of the Abyss.
             The game lasted 00:34:01 (2910 turns).

Supreme the Digger (Gargoyle Earth Elementalist)    Turns: 2910, Time: 00:34:01

Health: -3/24      AC:  6    Str: 11    XL:     4   Next: 43%
Magic:  8/8        EV: 12    Int: 17    God:    Vehumet [......]
Gold:   173        SH:  0    Dex: 10    Spells: 4/9 levels left

rFire    . . .     SeeInvis .   D - +2 dagger (venom)
rCold    + . .     Gourm    .   (no shield)
rNeg     + . .     Faith    .   E - +0 robe
rPois    ∞         Spirit   .   (no helmet)
rElec    +         Reflect  .   (no cloak)
rCorr    .         Harm     .   (no gloves)
MR       .....                  y - +0 pair of boots
Stlth    ++........             (no amulet)
HPRegen  0.08/turn              k - ring of protection from cold
MPRegen  0.11/turn              (no ring)

@: no status effects
A: negative energy resistance 1, electricity resistance, unbreathing,
petrification resistance, rot immunity, AC +3
a: Renounce Religion


You were on level 2 of the Abyss.
You worshipped Vehumet.
Vehumet was noncommittal.
You were not hungry.

You visited 1 branch of the dungeon, and saw 4 of its levels.
You visited the Abyss 1 time.

You collected 173 gold pieces.

Inventory:

Hand Weapons
 D - a +2 dagger of venom (weapon)
 H - a +0 club
 X - a +1 war axe of distortion
Missiles
 b - 40 stones
 t - 8 javelins (quivered)
Armour
 y - a +0 pair of boots (worn)
 E - a +0 robe (worn)
Jewellery
 k - a ring of protection from cold (left hand)
Scrolls
 i - a scroll of noise {unknown}
 p - a scroll of teleportation
 s - a scroll of enchant armour {unknown}
 C - a scroll of magic mapping
 I - a scroll of amnesia {unknown}
Potions
 l - a potion of flight
 r - 2 potions of berserk rage
 N - a potion of curing
Books
 e - a book of Geomancy

   Spells                             Type                      Level
   a - Sandblast                      Earth                        1
   b - Passwall                       Transmutation/Earth          2
   c - Stone Arrow                    Conjuration/Earth            3
   d - Petrify                        Transmutation/Earth          4
   e - Lee's Rapid Deconstruction     Earth                        5
 W - a book of Cantrips

   Spells                             Type                      Level
   a - Confusing Touch                Hexes                        1
   b - Animate Skeleton               Necromancy                   1
   c - Summon Small Mammal            Summoning                    1
   d - Apportation                    Translocation                1
Comestibles
 d - 5 rations


   Skills:
 + Level 0.4 Fighting
 + Level 1.2 Maces & Flails
 + Level 1.8 Dodging
 + Level 2.4 Stealth
 + Level 3.0 Spellcasting
   Level 0.7 Transmutations
 + Level 4.4 Earth Magic


You had 4 spell levels left.
You knew the following spells:

 Your Spells              Type           Power        Failure   Level  Hunger
a - Sandblast             Erth           ###...       2%          1    None
b - Stone Arrow           Conj/Erth      ##....       21%         3    ###....
c - Animate Skeleton      Necr           N/A          17%         1    None


Dungeon Overview and Level Annotations

Branches:
Dungeon (4/15)
 Temple: D:4-7

Altars:
Nemelex Xobeh
Okawaru
Qazlal
Vehumet


Innate Abilities, Weirdness & Mutations

You are resistant to torment.
Your stone body is resilient. (AC +3)
You are immune to poison.
You resist negative energy. (rN+)
You are resistant to electric shocks. (rElec)
You can survive without breathing.
You are immune to petrification.
You are immune to rotting.


Message History

A wretched star comes into view.
The white imp shouts!
The raiju barks!
A tentacled starspawn and a mana viper come into view.
Press: ? - help, v - describe, . - travel
Here: a white imp The floor.
Unknown command.
A large abomination comes into view.
The white imp gestures at you. The puff of frost hits you! You resist.
The raiju bursts into living lightning!
The living lightning hits you! You resist.
* * * LOW HITPOINT WARNING * * *
The raiju blinks!
The white imp gestures at you. The puff of frost hits you! You resist.
* * * LOW HITPOINT WARNING * * *
A starcursed mass splits.
A chorus of shrieks assaults your mind.
You die...

# . .... .#.
..#. ..# .#..5##
..# #..#X≈.#≈≈#
....#X≈.#.##
####hX≈*....##
##≈..≈....@...#
.≈≈...≈.#...#.#
. ≈≈≈≈.##XX§>.#
♣≈≈≈≈)#)#....#
≈≈≈≈≈#)#x#.#.#
#≈W.)#).###
≈≈≈)≈X#.##.#.#h.
≈≈≈≈≈≈.### ....§
≈≈≈≈S### .
.#.#.§


You could see 2 starcursed masses, a tentacled starspawn, an eidolon, a wretched
star, 3 large abominations, a worldbinder (wandering), a raiju and a white imp.

Vanquished Creatures
  3 adders
  A worm (D:2)
  5 orcs (D:3)
  4 giant cockroaches
  7 goblins
  7 hobgoblins
  3 kobolds
  4 bats
  3 frilled lizards
  9 rats
46 creatures vanquished.

Vanquished Creatures (others)
  A large abomination (Abyss:2)
1 creature vanquished.

Grand Total: 47 creatures vanquished

Notes
Turn   | Place    | Note
-------+----------+-------------------------------------------
     0 | D:1      | Supreme the Gargoyle Earth Elementalist began the quest for the Orb.
     0 | D:1      | Reached XP level 1. HP: 10/10 MP: 3/3
   153 | D:1      | Reached skill level 4 in Earth Magic
   404 | D:1      | You fall through a shaft!
   406 | D:2      | Reached XP level 2. HP: 15/15 MP: 3/5
   947 | D:1      | Reached XP level 3. HP: 19/19 MP: 3/6
   952 | D:1      | Learned a level 3 spell: Stone Arrow
  1355 | D:2      | Found a sparkling altar of Nemelex Xobeh.
  1553 | D:2      | Found a radiant altar of Vehumet.
  1553 | D:2      | Found an iron altar of Okawaru.
  1560 | D:2      | Became a worshipper of Vehumet
  1689 | D:3      | Reached skill level 1 in Maces & Flails
  1689 | D:3      | Reached XP level 4. HP: 13/24 MP: 3/8
  1832 | D:3      | Found a stormy altar of Qazlal.
  2124 | D:3      | Learned a level 1 spell: Animate Skeleton
  2132 | D:3      | Cast into level 2 of the Abyss (a distortion unwield)
  2525 | Abyss:2  | Killed a large abomination
  2902 | Abyss:2  | Noticed a raiju
  2902 | Abyss:2  | Noticed a large abomination
  2902 | Abyss:2  | Noticed a large abomination
  2903 | Abyss:2  | Noticed a raiju
  2905 | Abyss:2  | Noticed a worldbinder
  2905 | Abyss:2  | Noticed an eidolon
  2907 | Abyss:2  | Noticed a starcursed mass
  2908 | Abyss:2  | Noticed a wretched star
  2909 | Abyss:2  | Noticed a mana viper
  2909 | Abyss:2  | Noticed a tentacled starspawn
  2909 | Abyss:2  | Noticed a large abomination
  2910 | Abyss:2  | Killed from afar by a starcursed mass

Skill      XL: |  1  2  3  4 |
---------------+-------------+-----
Earth Magic    | 4 |  4.4
Maces & Flails | 1 |  1.2
Spellcasting   | 3 |  3.0
Fighting       | |  0.4
Dodging        | |  1.8
Stealth        | |  2.4
Transmutations | |  0.7

Action                   |  1- 3 |  4- 6 || total
-------------------------+-------+-------++-------
Melee: Mace              |    16 |       ||    16
       Dagger            |    24 |    28 ||    52
Throw: Javelin           |     5 |     2 ||     7
 Cast: Sandblast         |    18 |    12 ||    30
       Stone Arrow       |     2 |       ||     2
  Use: Scroll            |       |     8 ||     8
 Stab: Sleeping          |     2 |       ||     2
  Eat: Chunk             |     3 |     1 ||     4
       Ration            |       |     1 ||     1
Armor: Robe              |    12 |    11 ||    23
Dodge: Dodged            |    39 |    12 ||    51
